 Dungeon Crawl Stone Soup version 0.25-a0-578-gc91f01c39c (webtiles) character file.

Game seed: 7198515304682688125, levelgen mode: deterministic

180 MisterFreud the Skirmisher (level 5, 0/58 HPs)
             Began as an Octopode Gladiator on Mar 3, 2020.
             Killed from afar by an orc wizard (7 damage)
             ... with a magic dart
             ... on level 4 of the Dungeon.
             The game lasted 00:04:32 (2933 turns).

MisterFreud the Skirmisher (Octopode Gladiator)     Turns: 2933, Time: 00:04:33

Health: 0/58       AC:  2    Str: 13    XL:     5   Next: 60%
Magic:  5/5        EV: 14    Int: 11    God:
Gold:   170        SH:  0    Dex: 14    Spells: 4/4 levels left

rFire    . . .     SeeInvis .     - Unarmed
rCold    . . .     Gourm    .   y - +2 buckler
rNeg     . . .     Faith    .   s - +1 hat
rPois    +         Spirit   .   (no amulet)
rElec    .         Reflect  .   r - ring of poison resistance
rCorr    .         Harm     .   (no ring)
MR       .....                  (no ring)
Stlth    ..........             (no ring)
HPRegen  0.19/turn              (no ring)
MPRegen  0.09/turn              (no ring)
                                (no ring)
                                (no ring)

@: confused, mighty, berserking, very quick
A: almost no armour, stealthy swim, amphibious, 8 rings, constrict 8, camouflage
1, gelatinous body 1
a: no special abilities


You were on level 4 of the Dungeon.
You were not hungry.

You visited 1 branch of the dungeon, and saw 4 of its levels.

You collected 170 gold pieces.

Inventory:

Hand Weapons
 b - a +0 hunting sling
Missiles
 d - 31 sling bullets
 f - 13 bolts
 m - 105 stones
 q - 5 throwing nets (quivered)
 t - 17 arrows
 w - 14 poisoned darts
Armour
 a - a +0 hat
 s - a +1 hat (worn)
 y - a +2 buckler (worn)
Jewellery
 r - a ring of poison resistance (left tentacle)
Wands
 v - a wand of polymorph (2)
Scrolls
 e - 4 scrolls of identify {unknown}
 g - a scroll of fog {unknown}
 h - 3 scrolls of teleportation {unknown}
 i - 3 scrolls of enchant armour {unknown}
 j - a scroll of magic mapping {unknown}
 k - a scroll of immolation {unknown}
 o - 2 scrolls of amnesia {unknown}
 p - 3 scrolls of remove curse {unknown}
 z - 2 scrolls of fear {unknown}
Potions
 n - 2 potions of might
 u - a potion of haste {unknown}
 x - a potion of stabbing {unknown}
 A - a potion of ambrosia {unknown}
Comestibles
 c - 4 rations


   Skills:
 - Level 5.0 Fighting
 - Level 2.0 Throwing
 + Level 3.5 Dodging
 + Level 1.2 Shields
 - Level 3.0 Unarmed Combat


You had 4 spell levels left.
You didn't know any spells.
Your spell library was empty.

Dungeon Overview and Level Annotations

Branches:
Dungeon (4/15)
 Temple: D:4-7

Altars:
Dithmenos
Xom
Yredelemnul
Zin
The Shining One


Innate Abilities, Weirdness & Mutations

You cannot wear most types of armour.
You are very stealthy in the water. (Stealth+)
You are amphibious.
You can wear up to eight rings at the same time.
You can use your tentacles to constrict eight enemies at once.
Your skin changes colour to match your surroundings (Stealth+).
Your rubbery body absorbs attacks. (AC +1, EV +1)


Message History

Something barely misses you.
The orc wizard gestures wildly while chanting.
The orc wizard blinks!
It was a potion of might.
You feel very mighty all of a sudden.
The orc throws a boomerang.
The boomerang closely misses you.
The weapon returns to the orc!
The orc wizard points at you and mumbles some strange words.
The magic dart hits something!
Something hits you.
* * * LOW HITPOINT WARNING * * *
It was a potion of berserk rage.
A red film seems to cover your vision as you go berserk!
You feel yourself moving faster!
You feel mighty!
The orc throws a boomerang.
The boomerang hits you.
* * * LOW HITPOINT WARNING * * *
The weapon returns to the orc!
You hear some strange, mumbled words.
A magic dart appears from out of thin air!
The magic dart hits you!
You die...

#.....#............
#.###.#............
########.#...#########....
..........................
.#######....##########.###
...........# #.#
....######.# #.### ..
#...# #.... #@### #####
#{# o§. ##o## #.. ... #..
#...


You could see an orc wizard and an orc.

Vanquished Creatures
  Terence (D:2)
  An iguana (D:4)
  A worker ant (D:4)
  2 gnolls
  4 adders
  2 worms
  A dart slug (D:1)
  A leopard gecko (D:3)
  An orc (D:4)
  A ball python (D:2)
  8 bats
  A giant cockroach (D:3)
  4 goblins
  3 hobgoblins
  A jackal (D:2)
  3 kobolds
  5 frilled lizards
  9 rats
49 creatures vanquished.

Notes
Turn   | Place    | Note
-------+----------+-------------------------------------------
     0 | D:1      | MisterFreud the Octopode Gladiator began the quest for the
                  | Orb.
     0 | D:1      | Reached XP level 1. HP: 14/14 MP: 1/1
   185 | D:1      | Reached XP level 2. HP: 13/20 MP: 2/2
   674 | D:2      | Reached skill level 3 in Fighting
   678 | D:2      | Noticed Terence
   681 | D:2      | Reached XP level 3. HP: 23/26 MP: 3/3
   691 | D:2      | Killed Terence
   691 | D:2      | Reached skill level 4 in Fighting
   749 | D:2      | Reached XP level 4. HP: 12/33 MP: 4/4
  1036 | D:2      | Found a glowing golden altar of the Shining One.
  1291 | D:2      | Found a shimmering altar of Xom.
  1568 | D:3      | Found a basalt altar of Yredelemnul.
  1734 | D:3      | Found a glowing golden altar of the Shining One.
  1786 | D:3      | Found a glowing silver altar of Zin.
  1787 | D:3      | Found a shadowy altar of Dithmenos.
  2467 | D:3      | Reached skill level 5 in Fighting
  2467 | D:3      | Reached XP level 5. HP: 26/39 MP: 5/5
  2924 | D:4      | Reached skill level 1 in Shields
  2933 | D:4      | Killed from afar by an orc wizard

Levels and vault maps discovered:
D:1:      eino_arrival_druids_welcome, layout_loops_ring
D:2:      layout_loops_ring, marbit_many_paths, kennysheep_cluttered_room,
          serial_bayou_pond_d, nicolae_tso_swordbearing_angel, uniq_terence
D:3:      layout_loops_ring, chequers_temple_overflow_statue_of_worship,
          nicolae_overflow_hidden_temple, lemuel_tele_altar
D:4:      layout_basic, lemuel_doored_altar, uniq_natasha, uniq_eustachio

Skill      XL: |  1  2  3  4  5 |
---------------+----------------+-----
Fighting       | 3 4 5 |  5.0
Shields        | 1 |  1.2
Throwing       | |  2.0
Dodging        | |  3.5
Unarmed Combat | |  3.0

Action                   |  1- 3 |  4- 6 || total
-------------------------+-------+-------++-------
Melee: Unarmed           |    49 |    83 ||   132
       Constrict         |    11 |    20 ||    31
       Tentacles         |     6 |    11 ||    17
       Punch             |       |     2 ||     2
  Use: Potion            |       |     2 ||     2
 Stab: Sleeping          |     1 |     4 ||     5
       Distracted        |       |     1 ||     1
  Eat: Chunk             |       |     3 ||     3
       Ration            |       |     1 ||     1
Armor: Skin              |     6 |    10 ||    16
Dodge: Dodged            |    41 |    67 ||   108
Block: Buckler           |       |     4 ||     4

Table legend:
 A = Non-vault XP
 B = Vault XP
 C = Vault XP percentage of total XP
 D = Non-vault monster count
 E = Vault monster count
 F = Vault count percentage of total count
                 A         B        C        D         E       F
            +---------+---------+-------+---------+---------+-------
      Total |     220 |      38 |  14.7 |      47 |       2 |   4.1
            +---------+---------+-------+---------+---------+-------
        D:1 |      17 |       0 |   0.0 |      10 |       0 |   0.0
        D:2 |      63 |      38 |  37.6 |      16 |       2 |  11.1
        D:3 |      34 |       0 |   0.0 |      14 |       0 |   0.0
        D:4 |     106 |       0 |   0.0 |       7 |       0 |   0.0
            +---------+---------+-------+---------+---------+-------
